 Dungeon Crawl Stone Soup version 0.20.1-1-g8b1a95d (webtiles) character file.

1649 polve the Charmwright (level 9, -7/61 HPs)
             Began as a Merfolk Skald on July 18, 2017.
             Mangled by an orc warrior
             ... wielding a +0 halberd
              (9 damage)
             ... on level 6 of the Dungeon.
             The game lasted 00:16:21 (8273 turns).

polve the Charmwright (Merfolk Skald)               Turns: 8273, Time: 00:16:22

Health: -7/61      AC:  7    Str: 12    XL:     9   Next: 0%
Magic:  0/13       EV: 12    Int: 15    God:
Gold:   285        SH:  0    Dex: 13    Spells: 3/14 levels left

rFire    . . .     SeeInvis +   a - +0 spear
rCold    . . .     Gourm    .   (no shield)
rNeg     . . .     Faith    .   b - +0 leather armour
rPois    .         Spirit   .   m - +0 helmet
rElec    .         Reflect  .   (no cloak)
rCorr    .         Harm     .   (no gloves)
MR       .....                  (no boots)
Stlth    +.........             (no amulet)
Regen    0.2/turn               i - +3 ring of protection
MPRegen  0.2/turn               t - ring of see invisible

@: infused
A: change form in water, swift swim, stealthy swim
a: no special abilities


You were on level 6 of the Dungeon.
You were not hungry.

You visited 1 branch of the dungeon, and saw 6 of its levels.
You also visited: Sewer.

You collected 285 gold pieces.

Inventory:

Hand Weapons
 a - a +0 spear (weapon)
Armour
 b - a +0 leather armour (worn)
 m - a +0 helmet (worn)
Jewellery
 i - a +3 ring of protection (left hand)
 t - a ring of see invisible (right hand)
Wands
 A - a wand of disintegration (15/24)
 E - a wand of disintegration (7/24)
Scrolls
 e - 3 scrolls of remove curse {unknown}
 j - 2 scrolls of blinking {unknown}
 o - 2 scrolls of magic mapping {unknown}
 q - a scroll of recharging {unknown}
 r - a scroll of immolation {unknown}
 s - 3 scrolls of teleportation {unknown}
 w - 3 scrolls of identify {unknown}
 B - 2 scrolls of amnesia {unknown}
 C - a scroll of fog {unknown}
Potions
 f - 2 potions of cancellation {unknown}
 g - a potion of mutation {unknown}
 k - 7 potions of curing
 l - 2 potions of invisibility {unknown}
 p - 2 potions of lignification {unknown}
 u - 4 potions of heal wounds {unknown}
 v - 6 potions of flight {unknown}
 x - 3 potions of might {unknown}
Books
 c - a book of Battle

   Spells                             Type                      Level
   a - Infusion                       Charms                       1
   b - Shroud of Golubria             Charms/Translocation         2
   c - Song of Slaying                Charms                       2
   d - Spectral Weapon                Hexes/Charms                 3
   e - Regeneration                   Charms/Necromancy            3
 y - a book of Conjurations

   Spells                             Type                      Level
   a - Magic Dart                     Conjuration                  1
   b - Searing Ray                    Conjuration                  2
   c - Dazzling Spray                 Conjuration/Hexes            3
   d - Fulminant Prism                Conjuration/Hexes            4
   e - Force Lance                    Conjuration/Translocation    4
   f - Iskenderun's Mystic Blast      Conjuration                  4
Comestibles
 d - 4 bread rations
 h - a meat ration
 n - 4 fruits
 z - 2 royal jellies
 D - 5 chunks of flesh


   Skills:
 - Level 2.1 Fighting
 + Level 6.4 Polearms
 - Level 0.6 Armour
 - Level 2.6 Dodging
 + Level 3.1 Spellcasting
 - Level 6.0 Hexes
 + Level 6.6 Charms
 + Level 1.9 Necromancy
 - Level 4.0 Translocations


You had 3 spell levels left.
You knew the following spells:

 Your Spells              Type           Power        Failure   Level  Hunger
a - Infusion              Chrm           ###.         1%          1    #......
b - Shroud of Golubria    Chrm/Tloc      ###.......   4%          2    ##.....
c - Spectral Weapon       Hex/Chrm       ###.....     5%          3    ###....
d - Song of Slaying       Chrm           ###.....     2%          2    ##.....
e - Regeneration          Chrm/Necr      ###.......   13%         3    ###....


Dungeon Overview and Level Annotations

Branches:
Dungeon (6/15)
 Temple: D:4-7

Altars:
Ashenzari
Qazlal
Xom
Zin

Shops:
D:4 :


Message History

You begin infusing your attacks with magical energy.
The orc warrior hits you with a halberd!!
* * * LOW HITPOINT WARNING * * *
You hit the orc warrior but do no damage.
Your spectral weapon misses the orc warrior.
The orc warrior hits you but does no damage.
You hit the orc warrior.
The orc warrior is lightly wounded.
Your spectral weapon hits the orc warrior but does no damage.
You closely miss the orc warrior.
The orc warrior is lightly wounded.
Your spectral weapon closely misses the orc warrior.
The orc warrior barely misses you.
You hit the orc warrior.
The orc warrior is lightly wounded.
Your spectral weapon barely misses the orc warrior.
The orc warrior hits you with a halberd!!
* * * LOW HITPOINT WARNING * * *
The orc warrior hits you from afar with a halberd!
You die...

............#
............# ...#
........##.########....#
........................
###########.#######...##
#..................
#.###.#######....#
#........<....>##
#.#.#####@.......
#.#....o(........ #
#)#.####..._..# .......
......# #.#.#.###
#.....# #...... .#..##
###.#.# ##.## #.#.. #
#.#.#


You could see an orc warrior and a friendly spectral spear.

Vanquished Creatures
  Grinder (D:4)
  Sigmund (D:2)
  The ghost of appiemonkey the Conjurer, an amateur DECj (D:4)
  A phantom (D:6)
  2 centaurs
  3 big kobolds (Sewer)
  A scorpion (D:5)
  An orc priest (D:3)
  A bullfrog skeleton (D:5)
  2 jellies (D:5)
  2 orc wizards (D:3)
  3 worker ants
  Robin (D:3)
  12 gnolls
  8 adders
  8 river rats (Sewer)
  2 oozes
  6 worms
  A dart slug (D:2)
  5 leopard geckos
  12 orcs
  9 ball pythons
  2 giant cockroaches (D:1)
  13 goblins
  8 hobgoblins
  9 jackals
  22 kobolds
  5 quokkas
  7 bats
  2 frilled lizards
  A giant cockroach zombie (D:5)
  A quokka zombie (D:5)
  22 rats
175 creatures vanquished.

Notes
Turn   | Place    | Note
-------+----------+-------------------------------------------
     0 | D:1      | polve the Merfolk Skald began the quest for the Orb.
     0 | D:1      | Reached XP level 1. HP: 16/16 MP: 3/3
   170 | D:1      | Reached XP level 2. HP: 22/22 MP: 1/5
   174 | D:1      | Learned a level 2 spell: Shroud of Golubria
   765 | D:1      | Reached skill level 1 in Translocations
   901 | D:2      | Reached XP level 3. HP: 24/27 MP: 2/6
   906 | D:2      | Learned a level 3 spell: Spectral Weapon
  1039 | D:2      | Found a shattered altar of Ashenzari.
  1151 | D:2      | Reached skill level 1 in Hexes
  1353 | D:2      | Noticed Sigmund
  1757 | D:2      | Reached XP level 4. HP: 25/33 MP: 3/7
  1969 | D:2      | Killed Sigmund
  1969 | D:2      | Reached XP level 5. HP: 36/38 MP: 2/8
  1969 | D:2      | Reached XP level 6. HP: 42/44 MP: 2/9
  2596 | D:3      | Found a glowing drain.
  2603 | Sewer    | Entered a sewer
  3838 | Sewer    | Reached XP level 7. HP: 44/50 MP: 0/10
  4230 | Sewer    | Reached skill level 5 in Charms
  4611 | D:3      | Noticed Robin
  4635 | D:3      | Killed Robin
  4845 | D:3      | Reached skill level 5 in Hexes
  5482 | D:3      | Found a shimmering altar of Xom.
  5511 | D:3      | Learned a level 2 spell: Song of Slaying
  5631 | D:4      | Noticed appiemonkey's ghost (amateur DECj)
  5642 | D:4      | Killed appiemonkey's ghost
  5842 | D:4      | Found Sudem's Book Shoppe.
  5843 | D:4      | Noticed Grinder
  5855 | D:4      | Killed Grinder
  5855 | D:4      | Reached XP level 8. HP: 56/56 MP: 8/11
  6211 | D:4      | Found a stormy altar of Qazlal.
  6579 | D:5      | Entered Level 5 of the Dungeon
  6584 | D:5      | Learned a level 3 spell: Regeneration
  6719 | D:5      | Reached skill level 5 in Polearms
  7200 | D:5      | Reached skill level 1 in Necromancy
  8234 | D:6      | Reached XP level 9. HP: 46/61 MP: 0/13
  8262 | D:6      | Found a glowing silver altar of Zin.
  8272 | D:6      | HP: 2/61 [orc warrior/halberd (20)]
  8273 | D:6      | Mangled by an orc warrior

Skill      XL: |  1  2  3  4  5  6  7  8 |
---------------+-------------------------+-----
Charms         | 4 5 6 |  6.6
Translocations | 1 3 4 |  4.0
Hexes          | 1 3 4 5 6 |  6.0
Polearms       | 4 6 |  6.4
Necromancy     | 1 |  1.9
Spellcasting   | 3 |  3.1
Fighting       | |  2.1
Armour         | |  0.6
Dodging        | |  2.6

Action                   |  1- 3 |  4- 6 |  7- 9 || total
-------------------------+-------+-------+-------++-------
Melee: Spear             |   113 |   194 |   403 ||   710
       Tailslap          |       |    10 |     1 ||    11
 Cast: Infusion          |    20 |    17 |    36 ||    73
       Spectral Weapon   |       |     2 |    11 ||    13
       Shroud of Golubri |       |     1 |       ||     1
  Use: Potion            |       |       |     1 ||     1
 Stab: Sleeping          |       |       |     2 ||     2
  Eat: Chunk             |     2 |     7 |    18 ||    27
Armor: Leather armour    |    44 |    50 |    82 ||   176
Dodge: Dodged            |    60 |   143 |   224 ||   427
